[Event "Titled Tuesday Blitz January 03 Late 2023"]
[White "Seletsky, Grigory"]
[Black "Yaran, Siar"]
[WhiteFideId "14112191"]
[BlackFideId "6323006"]
[WhiteElo "2259"]
[BlackElo "2288"]
[Result "0-1"]
[Round "03"]
[TimeControl "180+2"]
[Date "2023.01.03"]
[WhiteClock "0:00:11"]
[BlackClock "0:00:12"]

1. e4 e5 2. Nf3 Nc6 3. Bb5 a6 4. Bxc6 dxc6 5. O-O f6 6. d4 exd4 7. Nxd4 c5 8. Nb3 Qxd1 9. Rxd1 Be6 10. Nc3 Bd6 11. Be3 c4 12. Nc5 Bc8 13. Nd5 Ne7 14. Nxe7 Kxe7 15. Na4 Bd7 16. Nc3 Bc6 17. Nd5+ Kf7 18. f3 Rad8 19. c3 Rhe8 20. g4 Bxd5 21. Rxd5 Bxh2+ 22. Kf2 Rxd5 23. exd5 Bg3+ 24. Kxg3 Rxe3 25. Rd1 Re2 26. Rd4 Ke7 27. Rxc4 Kd6 28. Rb4 b5 29. c4 Kc5 30. a3 bxc4 31. Rb7 Kd6 32. Kf4 g6 33. a4 h5 34. gxh5 gxh5 35. a5 h4 36. Kg4 Rf2 37. Ra7 f5+ 38. Kf4 h3 39. Kg3 h2 40. Rxa6+ Kxd5 41. Rh6 Rxb2 42. a6 Ra2 43. Kf4 Kd4 44. a7 Rxa7 45. Rxh2 c3 46. Kxf5 Kd3 47. Kf4 c2 48. Rh1 Rb7 49. Re1 Rb1 50. Re3+ Kd2 0-1


[Site "https://www.chess.com"]

[Event "Titled Tuesday Blitz January 03 Late 2023"]
[White "Estrada Nieto, Julian"]
[Black "Karttunen, Mika"]
[WhiteFideId "5101018"]
[BlackFideId "502081"]
[WhiteElo "2215"]
[BlackElo "2490"]
[Result "1-0"]
[Round "03"]
[TimeControl "180+2"]
[Date "2023.01.03"]
[WhiteClock "0:00:05"]
[BlackClock "0:00:14"]

1. e4 c5 2. Nf3 d6 3. Bb5+ Nc6 4. d4 cxd4 5. Qxd4 Bd7 6. Bxc6 Bxc6 7. Nc3 e5 8. Qd3 Be7 9. O-O Nf6 10. Bg5 h6 11. Bxf6 Bxf6 12. Rfd1 Be7 13. Nd5 Bxd5 14. Qxd5 Qb6 15. Qb3 Qc6 16. Rd5 O-O 17. Rad1 Rac8 18. c3 a6 19. a4 Kh8 20. Nd2 h5 21. Nf1 f5 22. exf5 Rxf5 23. Ng3 Rf4 24. Nxh5 Rxa4 25. Qc2 Rg4 26. Qf5 Rg5 27. Qf7 Qe8 28. Qxe8+ Rxe8 29. Ng3 Rg4 30. f3 Ra4 31. Ne4 Ra2 32. R1d2 Rd8 33. c4 b6 34. Kf2 Kg8 35. b4 Rxd2+ 36. Rxd2 Kf7 37. Ra2 Ra8 38. Nc3 Ke6 39. Nd5 Bd8 40. Ke3 a5 41. Ra4 Rc8 42. Kd3 b5 43. cxb5 Kxd5 44. bxa5 Ra8 45. a6 Bb6 46. Rg4 Ra7 47. Rc4 Bc5 48. Kc3 Rc7 49. Kb3 Ra7 50. h4 Ke6 51. Ka4 Kd7 52. Ka5 Bf2 53. b6 Bxb6+ 54. Kxb6 Ra8 55. Rc7+ Ke6 56. a7 d5 57. Rb7 d4 58. Rb8 Rxa7 59. Kxa7 Kf5 60. Rd8 Kf4 61. Rd7 g6 62. Rd6 Kg3 63. Rxg6+ Kxh4 64. Re6 Kg3 65. Rxe5 Kxg2 66. Rd5 Kxf3 67. Rxd4 1-0


[Site "https://www.chess.com"]

[Event "Titled Tuesday Blitz January 03 Late 2023"]
[White "Denishev, Marat"]
[Black "Olenik Campa, Rudi"]
[WhiteFideId "24131563"]
[BlackFideId "14633264"]
[WhiteElo "2255"]
[BlackElo "2356"]
[Result "1/2-1/2"]
[Round "03"]
[TimeControl "180+2"]
[Date "2023.01.03"]
[WhiteClock "0:00:07"]
[BlackClock "0:00:14"]

1. d4 Nf6 2. Nf3 d5 3. Bf4 c5 4. e3 Nc6 5. Nc3 a6 6. dxc5 Qa5 7. Bd3 e6 8. Bd6 Bxd6 9. cxd6 Qb4 10. O-O O-O 11. Rb1 Qxd6 12. e4 d4 13. Ne2 e5 14. Ng3 Bg4 15. h3 Be6 16. Nh4 g6 17. Qd2 Kg7 18. Qg5 Ne7 19. f4 h6 20. fxe5 hxg5 21. exd6 gxh4 22. dxe7 Rfe8 23. Ne2 Rxe7 24. Nxd4 Bxa2 25. Rbe1 Be6 26. e5 Nd5 27. Be4 Rc8 28. c3 Nb6 29. Nf3 Nc4 30. Rf2 Rc5 31. Bd3 Bd5 32. Bxc4 Bxc4 33. Nxh4 Rcxe5 34. Rxe5 Rxe5 35. Nf3 Re7 36. Nd4 Bd5 37. Re2 Rxe2 38. Nxe2 Kf6 39. Kf2 Ke5 40. g3 Be6 41. Nf4 Bd7 42. h4 b6 43. Ke3 Bf5 44. Ne2 b5 45. Nd4 Bd7 46. b4 Kd5 47. Kd3 Bh3 48. Nb3 Bf5+ 49. Kd2 Kc4 50. Na5+ Kd5 51. Ke3 Bc8 52. Kf4 f6 53. g4 Be6 54. h5 g5+ 55. Kg3 f5 56. gxf5 Bxf5 57. h6 Ke4 58. Nc6 Kd3 59. Nb8 Kxc3 60. Nxa6 Kc4 61. Kf3 Kd4 62. Kg3 Kc4 63. Kf3 Kd4 64. Nc7 Kc4 65. Ne8 Kxb4 66. Nd6 Bh7 67. Kg4 Kc5 68. Nxb5 Kxb5 69. Kxg5 Kc5 70. Kf6 Kd6 71. Kg7 Bb1 72. h7 Bxh7 1/2-1/2


[Site "https://www.chess.com"]

[Event "Titled Tuesday Blitz January 03 Late 2023"]
[White "Pinheiro, Iung Alicio de O."]
[Black "Novikova, Galina"]
[WhiteFideId "2104350"]
[BlackFideId "4157095"]
[WhiteElo "2306"]
[BlackElo "2073"]
[Result "1-0"]
[Round "03"]
[TimeControl "180+2"]
[Date "2023.01.03"]
[WhiteClock "0:00:30"]
[BlackClock "0:01:33"]

1. e4 e6 2. d4 d5 3. e5 c5 4. c3 Nc6 5. Nf3 Bd7 6. Bd3 f6 7. O-O Qc7 8. Re1 O-O-O 9. Bf4 f5 10. dxc5 h6 11. h4 g5 12. hxg5 hxg5 13. Nxg5 Nh6 14. b4 Be7 15. b5 Na5 16. c6 bxc6 17. bxc6 Qxc6 18. Nd2 Rdg8 19. Ndf3 Ng4 20. Rb1 Bc5 21. Nd4 Qc7 22. Ba6+ Kd8 23. Ngxe6+ Bxe6 24. Nxe6+ Kd7 25. Qxd5+ Ke7 26. Nxc7 Bxf2+ 27. Kf1 Bxe1 28. Qe6+ Kf8 29. Rb8+ Kg7 30. Qe7+ Kg6 31. Qg5+ Kf7 32. e6# 1-0


[Site "https://www.chess.com"]

[Event "Titled Tuesday Blitz January 03 Late 2023"]
[White "Rodriguez Fontecha, Marcos"]
[Black "Ortega Ruiz, Jose Miguel"]
[WhiteFideId "2256576"]
[BlackFideId "2209713"]
[WhiteElo "2309"]
[BlackElo "2351"]
[Result "0-1"]
[Round "03"]
[TimeControl "180+2"]
[Date "2023.01.03"]
[WhiteClock "0:00:02"]
[BlackClock "0:00:20"]

1. Nf3 g6 2. h4 Nf6 3. d4 d5 4. Nc3 Bg4 5. Bf4 Bxf3 6. exf3 h5 7. Qd2 c6 8. Bd3 Nbd7 9. O-O Bg7 10. Rfe1 O-O 11. Bh6 e6 12. Ne2 Ne8 13. Bxg7 Kxg7 14. Qf4 Qf6 15. g3 c5 16. Qxf6+ Nexf6 17. c3 Rfc8 18. f4 a6 19. f3 b5 20. a3 Rab8 21. Kf2 a5 22. Ke3 b4 23. axb4 axb4 24. Reb1 Ra8 25. Bb5 Rxa1 26. Rxa1 bxc3 27. bxc3 cxd4+ 28. Kxd4 Nc5 29. Nc1 Nb7 30. Ra6 Rd8 31. Ra7 Nd6 32. Bd3 Nfe8 33. Nb3 Nf5+ 34. Bxf5 gxf5 35. Nc5 Kf6 36. Nd7+ Kg7 37. Ne5 Nd6 38. Kc5 Kg8 39. Kc6 f6 40. Nd7 Ne8 41. Nc5 Rc8+ 42. Kb6 Rb8+ 43. Kc6 Rc8+ 44. Kb6 Nd6 45. Nxe6 Rxc3 46. Rg7+ Kh8 47. Rd7 Nc4+ 48. Kb5 Rxf3 49. Rxd5 Ne3 50. Rd7 Rxg3 51. Nd8 Ng2 52. Nf7+ Kg8 53. Nh6+ Kf8 54. Nxf5 Rb3+ 55. Kc4 Ra3 56. Kd5 Nxf4+ 57. Ke4 Ne6 58. Re7 Ra4+ 59. Ke3 Nd4 60. Nxd4 Kxe7 61. Nf5+ Ke6 62. Ng7+ Ke5 63. Nxh5 Rxh4 64. Ng7 Rh8 65. Kf3 f5 66. Kg3 Kf6 0-1


[Site "https://www.chess.com"]

[Event "Titled Tuesday Blitz January 03 Late 2023"]
[White "Chernov, Mikhail"]
[Black "Kleiman, Jake"]
[WhiteFideId "24143170"]
[BlackFideId "2020041"]
[WhiteElo "2205"]
[BlackElo "2399"]
[Result "0-1"]
[Round "03"]
[TimeControl "180+2"]
[Date "2023.01.03"]
[WhiteClock "0:00:10"]
[BlackClock "0:00:22"]

1. e4 e5 2. Nc3 Nf6 3. Bc4 Nc6 4. d3 Bb4 5. Ne2 d5 6. exd5 Nxd5 7. a3 Nxc3 8. Nxc3 Be7 9. Qh5 O-O 10. O-O Nd4 11. Qxe5 Bf6 12. Qh5 Nxc2 13. Rb1 Nxa3 14. bxa3 Bxc3 15. Bg5 Bf6 16. Bxf6 Qxf6 17. Rfe1 b6 18. Bd5 Rb8 19. Re5 g6 20. Qe2 Bf5 21. Re1 Rbd8 22. Bc4 c6 23. Qf3 b5 24. g4 bxc4 25. gxf5 cxd3 26. Qf4 Rd7 27. Qd2 Rfd8 28. Qh6 Rf8 29. Re8 Qg7 30. Rxf8+ Qxf8 31. Qf4 d2 32. Rd1 Qd6 33. Qe3 Kg7 34. Qc3+ Qf6 35. Qe3 Qd4 36. Qg5 h6 37. f6+ Qxf6 38. Qe3 Qg5+ 39. Kf1 Qxe3 40. fxe3 Kf6 41. Ke2 Ke5 0-1


[Site "https://www.chess.com"]

[Event "Titled Tuesday Blitz January 03 Late 2023"]
[White "Brilej, Jaka"]
[Black "Sos Andreu, Eric"]
[WhiteFideId "14618818"]
[BlackFideId "22247017"]
[WhiteElo "2321"]
[BlackElo "2352"]
[Result "0-1"]
[Round "03"]
[TimeControl "180+2"]
[Date "2023.01.03"]
[WhiteClock "0:00:13"]
[BlackClock "0:00:06"]

1. d4 Nf6 2. c4 g6 3. Nc3 Bg7 4. Nf3 O-O 5. Bg5 c5 6. d5 d6 7. h3 a6 8. e4 b5 9. cxb5 axb5 10. Bxb5 Nxe4 11. Nxe4 Qa5+ 12. Nc3 Bxc3+ 13. bxc3 Qxb5 14. Qe2 Qa4 15. Nd2 Re8 16. O-O Nd7 17. c4 Ba6 18. Rfe1 Ne5 19. Rac1 Rab8 20. f4 Nd7 21. Bxe7 Nb6 22. Qd3 Qd7 23. Bf6 h5 24. Ba1 Qf5 25. Ne4 Nd7 26. Qc3 f6 27. Nxd6 Rxe1+ 28. Rxe1 Qxf4 29. Ne4 Rb4 30. Nxf6+ Nxf6 31. Qxf6 Qxf6 32. Bxf6 Rxc4 33. d6 Bb5 34. Re7 Rc1+ 35. Kh2 Rd1 36. Be5 c4 37. Rg7+ Kf8 38. Rxg6 Kf7 39. Rg5 Rd5 40. h4 Ke6 41. Bf4 Rxg5 42. hxg5 Be8 43. Kg3 c3 44. Kh4 c2 45. g4 hxg4 46. Kxg4 Bg6 47. Kf3 Kd7 48. Ke3 c1=Q+ 49. Kf3 Qc3+ 50. Kg4 Ke6 51. d7 Bf5+ 52. Kh5 Qh3# 0-1


[Site "https://www.chess.com"]

[Event "Titled Tuesday Blitz January 03 Late 2023"]
[White "aidenzhouu"]
[Black "Manukyan, Sargis A."]
[BlackFideId "13303970"]
[WhiteElo "2395"]
[BlackElo "2158"]
[Result "1-0"]
[Round "03"]
[TimeControl "180+2"]
[Date "2023.01.03"]
[WhiteClock "0:00:24"]
[BlackClock "0:00:24"]

1. d4 d5 2. c4 e6 3. Nf3 Nf6 4. g3 Be7 5. Bg2 O-O 6. O-O dxc4 7. Qc2 b5 8. a4 c6 9. axb5 cxb5 10. Ng5 h6 11. Nxf7 Rxf7 12. Bxa8 Qxd4 13. Be3 Qg4 14. Bf3 Qh3 15. Bg2 Qh5 16. Bf3 Ng4 17. h4 Bxh4 18. Kg2 Nxe3+ 19. fxe3 Qg5 20. g4 Qe5 21. Qg6 Qg3+ 22. Kh1 Qh3+ 23. Kg1 Bg3 24. Qxf7+ Kxf7 25. Bg2+ Ke7 26. Bxh3 a6 27. Nc3 Be5 28. Rab1 Nd7 29. Ne4 a5 30. g5 b4 31. gxh6 gxh6 32. Rfc1 Nb6 33. Nd2 Ba6 34. Bg2 c3 35. bxc3 Bxc3 36. Ne4 Na4 37. Nxc3 Nxc3 38. Rxc3 bxc3 39. Rc1 Bxe2 40. Rxc3 Bd1 41. Ra3 a4 42. Bc6 Kd6 43. Bxa4 Bf3 44. Bc2 Ke5 45. e4 Be2 46. Rh3 h5 47. Kf2 Bg4 48. Rd3 Kf4 49. Bd1 Kxe4 50. Re3+ Kf5 51. Bxg4+ hxg4 52. Kg3 e5 53. Re1 e4 54. Rf1+ Ke5 55. Kxg4 Kd4 56. Kf4 Kd3 57. Re1 e3 58. Rxe3+ Kd2 59. Ke4 Kc2 60. Kd4 Kb2 61. Rc3 Ka2 62. Kc4 Kb2 63. Kb4 Ka1 64. Rc2 Kb1 65. Rh2 Ka1 66. Kb3 Kb1 67. Rh1# 1-0


[Site "https://www.chess.com"]

[Event "Titled Tuesday Blitz January 03 Late 2023"]
[White "Leenhouts, Koen"]
[Black "Roman, Rodrigo"]
[WhiteFideId "1008439"]
[BlackFideId "3701220"]
[WhiteElo "2447"]
[BlackElo "2058"]
[Result "1-0"]
[Round "03"]
[TimeControl "180+2"]
[Date "2023.01.03"]
[WhiteClock "0:00:23"]
[BlackClock "0:00:03"]

1. e4 c5 2. Nf3 Nc6 3. c3 Nf6 4. e5 Nd5 5. d4 cxd4 6. cxd4 d6 7. Bc4 Nb6 8. Bb3 d5 9. h3 e6 10. O-O Be7 11. Nc3 Bd7 12. Bf4 h6 13. Re1 Na5 14. Bc2 Rc8 15. Qe2 a6 16. Rac1 Nbc4 17. Bb1 b5 18. Bg3 b4 19. Nd1 Bb5 20. Bd3 Qd7 21. Ne3 O-O 22. Ng4 Nb6 23. Bf4 h5 24. Ne3 Bxd3 25. Qxd3 Qb5 26. Qb1 Nbc4 27. Nf1 b3 28. a3 Nb6 29. Bg5 Bxg5 30. Nxg5 g6 31. Nxe6 fxe6 32. Qxg6+ Kh8 33. Qxh5+ Kg7 34. Qg5+ Kh7 35. Rxc8 Nxc8 36. Re3 Rf7 37. Rg3 Ne7 38. Qh5# 1-0


[Site "https://www.chess.com"]

[Event "Titled Tuesday Blitz January 03 Late 2023"]
[White "Guerra Rivera, Salvador"]
[Black "Sanchez, Robert"]
[WhiteFideId "32096542"]
[BlackFideId "2034360"]
[WhiteElo "2290"]
[BlackElo "1966"]
[Result "1/2-1/2"]
[Round "03"]
[TimeControl "180+2"]
[Date "2023.01.03"]
[WhiteClock "0:00:15"]
[BlackClock "0:00:03"]

1. Nf3 d5 2. g3 c6 3. Bg2 Nf6 4. O-O Bf5 5. c4 e6 6. cxd5 exd5 7. d3 Be7 8. Qb3 Qc8 9. Nc3 O-O 10. Re1 h6 11. e4 dxe4 12. dxe4 Be6 13. Qc2 Na6 14. Nd4 Bh3 15. Bh1 Bc5 16. Nb3 Bb6 17. Be3 Nb4 18. Qe2 Bxe3 19. fxe3 Bg4 20. Qg2 Nd3 21. Rf1 Bh3 22. Qe2 Bxf1 23. Rxf1 Ne5 24. Nd4 Qg4 25. Qf2 Rad8 26. Nf5 Nd3 27. Nxh6+ gxh6 28. Qxf6 Qg7 29. Qh4 Nxb2 30. e5 Qxe5 31. Ne4 f5 32. Qh5 Qg7 33. Rxf5 Rxf5 34. Qxf5 Qf7 35. Qg4+ Kh8 36. Bf3 Nd3 37. Qh4 Rf8 38. Qxh6+ Kg8 39. Ng5 Qg7 40. Qxg7+ Kxg7 41. Ne6+ Kf7 42. Nxf8 Kxf8 43. h4 Ne5 44. Be4 Ng4 45. Kf1 Nxe3+ 46. Ke2 Nc4 47. Kd3 Nd6 48. Bf3 Nf5 49. Bg4 Nxg3 50. Kc4 Ne4 51. Bf3 Nf6 52. a4 Kg7 53. a5 1/2-1/2


[Site "https://www.chess.com"]

[Event "Titled Tuesday Blitz January 03 Late 2023"]
[White "Jorajuria Mendoza, Algol"]
[Black "Yang, Kevin"]
[WhiteFideId "5128897"]
[BlackFideId "30908485"]
[WhiteElo "2069"]
[BlackElo "2096"]
[Result "0-1"]
[Round "03"]
[TimeControl "180+2"]
[Date "2023.01.03"]
[WhiteClock "0:00:04"]
[BlackClock "0:00:04"]

1. e4 e6 2. Qe2 a6 3. b4 Bxb4 4. Bb2 Bf8 5. Nf3 b6 6. h4 h6 7. h5 Bb7 8. Qe3 Nf6 9. e5 Nd5 10. Qd4 Nc6 11. Qg4 b5 12. a4 b4 13. Bc4 Nce7 14. a5 d6 15. d3 c5 16. Nbd2 Nc3 17. exd6 Qxd6 18. Bxc3 bxc3 19. Ne4 Qc7 20. O-O f5 21. Qg3 Qxg3 22. Nxg3 Bd5 23. Bxd5 exd5 24. Nh4 f4 25. Ne2 d4 26. Nxf4 Kf7 27. Rab1 Nc6 28. Rb7+ Be7 29. Nhg6 Rhb8 30. Rfb1 Rxb7 31. Rxb7 Ke8 32. Ne6 Rc8 33. Nxg7+ Kd8 34. Ne6+ Ke8 35. Nc7+ Kf7 36. Nd5 Re8 37. Rc7 Ke6 38. Rxc6+ Kxd5 39. Rxa6 Bd6 40. g3 Re2 41. Rb6 Rxc2 42. Rb1 Rb2 43. Rc1 Ra2 44. f4 Rxa5 45. f5 Be5 46. Ne7+ Kd6 47. Ng8 Ra8 48. Nxh6 Rf8 49. g4 Bf4 50. Ra1 Bxh6 51. Ra6+ Kd5 52. Rxh6 c2 0-1


[Site "https://www.chess.com"]

[Event "Titled Tuesday Blitz January 03 Late 2023"]
[White "Rego, Vinicius V. de Almeida"]
[Black "Aggelis, Nikolaos"]
[WhiteFideId "2106485"]
[BlackFideId "4213220"]
[WhiteElo "2238"]
[BlackElo "2270"]
[Result "0-1"]
[Round "03"]
[TimeControl "180+2"]
[Date "2023.01.03"]
[WhiteClock "0:00:04"]
[BlackClock "0:00:20"]

1. d4 c5 2. d5 e6 3. c4 exd5 4. cxd5 Nf6 5. Nc3 g6 6. Bf4 Bg7 7. Nf3 d6 8. Qa4+ Bd7 9. Qb3 Bc8 10. e4 O-O 11. Be2 Re8 12. Nd2 a6 13. a4 Qc7 14. O-O Nbd7 15. f3 Ne5 16. Nc4 Nxc4 17. Bxc4 Nh5 18. Be3 Bd7 19. a5 Rab8 20. Na4 Bxa4 21. Rxa4 b5 22. axb6 Rxb6 23. Qd3 Rxb2 24. Rxa6 Reb8 25. Rc6 Qe7 26. Rf2 Rb1+ 27. Rf1 R1b2 28. Rf2 Qa7 29. Rxb2 Rxb2 30. Ra6 Qb8 31. g3 Qb4 32. Ra8+ Bf8 33. Bh6 Ng7 34. e5 Qe1+ 35. Qf1 Qxe5 36. f4 Qd4+ 37. Kh1 Qe4+ 38. Kg1 Qc2 0-1


[Site "https://www.chess.com"]

[Event "Titled Tuesday Blitz January 03 Late 2023"]
[White "Klose, Eli"]
[Black "Fernandez, Maria Florencia"]
[WhiteFideId "16242955"]
[BlackFideId "116459"]
[WhiteElo "1519"]
[BlackElo "2129"]
[Result "1/2-1/2"]
[Round "03"]
[TimeControl "180+2"]
[Date "2023.01.03"]
[WhiteClock "0:00:04"]
[BlackClock "0:00:12"]

1. e4 d6 2. d4 Nf6 3. Nc3 g6 4. Bg5 Bg7 5. e5 Nfd7 6. exd6 cxd6 7. Qd2 O-O 8. Bh6 Bxh6 9. Qxh6 Qb6 10. O-O-O Nf6 11. h4 Nc6 12. h5 Bf5 13. Bd3 Nxd4 14. hxg6 Bxg6 15. Bxg6 fxg6 16. Nd5 Qc5 17. Nxf6+ Rxf6 18. Qxh7+ Kf8 19. c3 Rxf2 20. Qh8+ Kf7 21. Qxd4 Qxd4 22. Rxd4 Rxg2 23. Nf3 Kg7 24. Re1 Re8 25. Rxd6 exd6 26. Rxe8 Rf2 27. Nd4 Rf7 28. Kd2 g5 29. Ke2 Kf6 30. Re6+ Kg7 31. Rxd6 g4 32. Re6 g3 33. Re3 Rf2+ 34. Ke1 Rxb2 35. Rxg3+ Kf6 36. a4 Ke5 37. Kd1 Kd5 38. Nc2 Kc4 39. Rg7 Kb3 40. Rxb7+ Kxc3 41. Rc7+ Kb3 42. Kc1 Ra2 43. Rb7+ Kc3 44. Rc7+ Kb3 45. a5 Rxa5 46. Ne3 Ra1+ 47. Kd2 Ra2+ 48. Kd3 a5 49. Rb7+ Ka4 50. Nd5 Rh2 51. Kc4 Rh4+ 52. Kd3 Rh3+ 53. Kc2 Rh2+ 54. Kc3 Rh3+ 55. Kc2 Rh2+ 56. Kd1 Rh1+ 57. Kd2 Rh2+ 58. Kd3 Rh3+ 59. Ne3 Rg3 60. Kd4 Rh3 61. Nf5 Rf3 62. Nd6 Rh3 63. Nc4 Rh4+ 64. Kc3 Rh3+ 65. Kc2 Rh2+ 66. Nd2 Ka3 67. Kc3 Rh3+ 68. Kc2 Rh2 69. Rb5 a4 70. Re5 Rg2 71. Re1 Rh2 72. Ra1+ Kb4 73. Rb1+ Ka3 74. Rb6 Rg2 75. Ra6 Rh2 76. Kd3 Rh3+ 77. Kc2 Rh2 78. Re6 Rg2 79. Re3+ Kb4 80. Kd3 Rh2 81. Re4+ Ka3 82. Re3 Kb4 83. Re4+ Ka3 84. Nc4+ Kb4 85. Nb2+ Kb3 86. Nxa4 Rh3+ 87. Ke2 Rh2+ 88. Kf3 Rh3+ 89. Kg2 Rh8 90. Nc5+ Kc3 91. Kf3 Rg8 92. Kf4 Rf8+ 93. Ke5 Re8+ 94. Ne6 Re7 95. Rg4 Ra7 96. Rg3+ Kd2 97. Ke4 Re7 98. Rg6 Re8 99. Kd5 Re7 100. Nd4 Rd7+ 101. Ke5 Re7+ 102. Kf4 Rf7+ 103. Nf5 Rf8 104. Rd6+ Kc3 105. Ke4 Kc4 106. Rc6+ Kb5 107. Rc1 Re8+ 108. Kd5 Rd8+ 109. Nd6+ Kb4 110. Rc4+ Kb3 111. Re4 Rd7 112. Kc6 Rd8 113. Nb5 Rc8+ 114. Kb6 Rb8+ 115. Kc5 Rc8+ 116. Kd5 Rd8+ 117. Nd6 Rd7 118. Re8 Rh7 119. Rb8+ Kc3 120. Ne4+ Kc2 121. Rd8 Rh5+ 122. Kd4 Rh7 123. Rc8+ Kb3 124. Nd2+ Kb2 125. Nf3 Rd7+ 126. Ke3 Re7+ 127. Kd3 Rd7+ 128. Nd4 Rd6 129. Rc2+ Kb1 130. Re2 Rd7 131. Kc4 Rc7+ 132. Kb4 Kc1 133. Nb3+ Kd1 134. Rd2+ Ke1 135. Rh2 Rb7+ 136. Kc3 1/2-1/2


[Site "https://www.chess.com"]

[Event "Titled Tuesday Blitz January 03 Late 2023"]
[White "Suder, Jakub"]
[Black "Vifleemskaia, Svetlana"]
[WhiteFideId "1195310"]
[BlackFideId "4129490"]
[WhiteElo "2244"]
[BlackElo "1971"]
[Result "1-0"]
[Round "03"]
[TimeControl "180+2"]
[Date "2023.01.03"]
[WhiteClock "0:00:03"]
[BlackClock "0:00:03"]

1. d4 Nf6 2. c4 e6 3. Nc3 Bb4 4. f3 d5 5. a3 Bxc3+ 6. bxc3 c5 7. cxd5 exd5 8. e3 Qc7 9. Ne2 O-O 10. Ng3 h5 11. Be2 h4 12. Nf1 Re8 13. Kf2 Nc6 14. g4 hxg3+ 15. hxg3 Bf5 16. g4 Bg6 17. Ng3 a6 18. Bd2 b5 19. Qg1 Kf8 20. Rh4 Na5 21. Qh2 Rac8 22. g5 Ng8 23. Rh1 Nb3 24. Rh8 Ke7 25. Be1 cxd4 26. cxd4 Kd7 27. Qh3+ Kc6 28. Bd1 Nc1 29. Kg2 Kb7 30. Bf2 Nd3 31. Rf1 Nxf2 32. Rxf2 Qc1 33. Be2 Rc7 34. e4 Qc3 35. Rh4 Qxd4 36. exd5 Qxd5 37. Kh2 Rc2 38. f4 Bd3 39. Qf1 Bxe2 40. Rxe2 Rexe2+ 41. Nxe2 Qe4 42. Rh8 Qxe2+ 43. Qxe2 Rxe2+ 44. Kg3 Ne7 45. Rh7 Nf5+ 46. Kg4 Ne3+ 47. Kf3 Re1 48. Rxg7 1-0


[Site "https://www.chess.com"]

[Event "Titled Tuesday Blitz January 03 Late 2023"]
[White "Rosenberg, Evan S"]
[Black "Krishnan, Varun"]
[WhiteFideId "2019299"]
[BlackFideId "5054508"]
[WhiteElo "1956"]
[BlackElo "2341"]
[Result "0-1"]
[Round "03"]
[TimeControl "180+2"]
[Date "2023.01.03"]
[WhiteClock "0:00:05"]
[BlackClock "0:00:08"]

1. d4 d5 2. Nf3 c5 3. dxc5 Nc6 4. c4 d4 5. e3 e5 6. exd4 exd4 7. Bd3 Bxc5 8. O-O Nf6 9. Bg5 O-O 10. Nbd2 Be7 11. Rc1 Nb4 12. Bb1 h6 13. Bf4 d3 14. a3 Nc6 15. Nb3 Bf5 16. Rc3 Nh5 17. Be5 Be4 18. Nbd2 Bg6 19. Re1 Bc5 20. b4 Nxe5 21. bxc5 Qa5 22. Rb3 Nxf3+ 23. Nxf3 Nf4 24. Ne5 Rfe8 25. g3 Ne2+ 26. Kg2 Nc3 27. Rxc3 Qxc3 28. f4 Rad8 29. Nxg6 Rxe1 30. Qg4 Rxb1 31. Ne7+ Kh8 32. Nd5 Qd4 33. Qh4 Re8 34. f5 Qxh4 35. gxh4 d2 36. f6 d1=Q 37. fxg7+ Kxg7 38. Kg3 Qe2 39. Nf4 Rg1+ 40. Ng2 Rxg2+ 41. Kh3 Qg4# 0-1


[Site "https://www.chess.com"]

[Event "Titled Tuesday Blitz January 03 Late 2023"]
[White "Egorov, Evgeny"]
[Black "SilverCityIndigo"]
[WhiteFideId "13700421"]
[WhiteElo "2294"]
[BlackElo "2335"]
[Result "1-0"]
[Round "03"]
[TimeControl "180+2"]
[Date "2023.01.03"]
[WhiteClock "0:00:33"]
[BlackClock "0:00:06"]

1. e4 c5 2. Nc3 Nc6 3. Nge2 a6 4. g3 b5 5. Bg2 Bb7 6. O-O e6 7. d4 cxd4 8. Nxd4 Nf6 9. Re1 b4 10. Nd5 Bc5 11. Nb3 Be7 12. Nxe7 Qxe7 13. Bf4 e5 14. Be3 d6 15. a3 O-O 16. axb4 Nxb4 17. c3 Nc6 18. h3 Qe6 19. Ra3 Rfd8 20. Qd3 a5 21. Rea1 a4 22. Nd2 Ba6 23. Qc2 Bb5 24. c4 Ba6 25. Rxa4 Bb7 26. Rxa8 Rxa8 27. Rxa8+ Bxa8 28. Qa4 Qc8 29. b4 h5 30. b5 Nd4 31. Qa7 Nd7 32. h4 Nc2 33. Bh3 Nxe3 34. Bxd7 Qd8 35. fxe3 g5 36. Bc6 Bxc6 37. bxc6 gxh4 38. c7 Qg5 39. c8=Q+ Kg7 40. Nf1 hxg3 41. Qf5 Qh4 42. Qaxf7+ Kh6 43. Q7h7# 1-0


[Site "https://www.chess.com"]

[Event "Titled Tuesday Blitz January 03 Late 2023"]
[White "Ankerst, Mihael"]
[Black "Bayo Milagro, Alvaro"]
[WhiteFideId "14602369"]
[BlackFideId "22275240"]
[WhiteElo "2370"]
[BlackElo "2287"]
[Result "0-1"]
[Round "03"]
[TimeControl "180+2"]
[Date "2023.01.03"]
[WhiteClock "0:00:18"]
[BlackClock "0:00:50"]

1. e4 e5 2. Nf3 Nc6 3. Nc3 Nf6 4. d4 exd4 5. Nxd4 Bb4 6. Nxc6 bxc6 7. Bd3 O-O 8. O-O d5 9. exd5 cxd5 10. Bg5 c6 11. Ne2 h6 12. Bh4 Be7 13. Nd4 Bd7 14. Qf3 Re8 15. Rfe1 Rb8 16. b3 Ne4 17. Bxe7 Qxe7 18. Bxe4 dxe4 19. Qc3 Qf6 20. Rad1 Bg4 21. Rd2 Rbd8 22. h3 Bc8 23. Red1 Qg5 24. Kh1 e3 25. fxe3 Rxe3 26. Qxc6 Bxh3 27. Nf3 Bxg2+ 28. Kh2 Bxf3 29. Rxd8+ Kh7 0-1


[Site "https://www.chess.com"]

[Event "Titled Tuesday Blitz January 03 Late 2023"]
[White "Taboas Rodriguez, Daniel"]
[Black "Mendez Fortes, Eduardo Jesus"]
[WhiteFideId "2208466"]
[BlackFideId "3502376"]
[WhiteElo "2371"]
[BlackElo "2250"]
[Result "0-1"]
[Round "03"]
[TimeControl "180+2"]
[Date "2023.01.03"]
[WhiteClock "0:00:32"]
[BlackClock "0:00:09"]

1. d4 Nf6 2. Nf3 d5 3. c4 e6 4. Bg5 Bb4+ 5. Nc3 dxc4 6. e4 b5 7. a4 c6 8. e5 h6 9. exf6 hxg5 10. fxg7 Rg8 11. h4 g4 12. Ne5 Rxg7 13. h5 f5 14. g3 Bb7 15. Bg2 Nd7 16. h6 Rh7 17. Bxc6 Bxc6 18. Nxc6 Bxc3+ 19. bxc3 Qb6 20. axb5 Qxb5 21. Nb4 a5 22. Qe2 Kf7 23. Nc2 Qc6 24. O-O Rxh6 25. f3 Rah8 26. Qg2 Kg7 27. Rxa5 gxf3 28. Rxf3 Rh1+ 29. Kf2 R1h2 30. Ra7 Rxg2+ 31. Kxg2 Kg6 32. Nb4 Qd6 33. Re3 f4 34. gxf4 Nf6 35. Rg3+ Kf5 36. Ra5+ Nd5 37. Nxd5 exd5 38. Rxd5+ Qxd5+ 0-1


[Site "https://www.chess.com"]

[Event "Titled Tuesday Blitz January 03 Late 2023"]
[White "Yashmetov, Mikhail"]
[Black "Pace, Christopher"]
[WhiteFideId "24198900"]
[BlackFideId "2610167"]
[WhiteElo "2323"]
[BlackElo "2053"]
[Result "1-0"]
[Round "03"]
[TimeControl "180+2"]
[Date "2023.01.03"]
[WhiteClock "0:00:34"]
[BlackClock "0:00:18"]

1. d4 Nf6 2. c4 e5 3. dxe5 Ng4 4. Bf4 Nc6 5. Nf3 Bb4+ 6. Nbd2 Qe7 7. e3 Ngxe5 8. Nxe5 Nxe5 9. Be2 O-O 10. O-O Bxd2 11. Qxd2 d6 12. Qc3 b6 13. b4 Bb7 14. Rac1 Rfe8 15. c5 dxc5 16. bxc5 bxc5 17. Qxc5 Ng6 18. Qxe7 Rxe7 19. Bxc7 Bd5 20. a4 a5 21. Rc5 Bb3 22. Bb5 Nf8 23. Bd6 Rea7 24. Rb1 Be6 25. Bc4 Bxc4 26. Rxc4 Ne6 27. Rbc1 g6 28. Be5 h5 29. Rc8+ Kh7 30. h3 g5 31. g4 h4 32. f4 Rxc8 33. Rxc8 gxf4 34. exf4 Rd7 35. Rh8+ 1-0


[Site "https://www.chess.com"]

[Event "Titled Tuesday Blitz January 03 Late 2023"]
[White "Gschnitzer, Adrian"]
[Black "Schmidt, Harald"]
[WhiteFideId "1270337"]
[BlackFideId "4648358"]
[WhiteElo "2432"]
[BlackElo "2347"]
[Result "0-1"]
[Round "03"]
[TimeControl "180+2"]
[Date "2023.01.03"]
[WhiteClock "0:00:04"]
[BlackClock "0:00:06"]

1. c4 c5 2. Nf3 Nf6 3. Nc3 Nc6 4. d4 cxd4 5. Nxd4 e5 6. Nb3 Bb4 7. g3 d5 8. cxd5 Qxd5 9. Qxd5 Nxd5 10. Bd2 Nxc3 11. bxc3 Be7 12. Bg2 Be6 13. O-O-O O-O 14. Kb2 Rfc8 15. Be3 a5 16. Nc5 Bf5 17. Nd7 Rd8 18. Nb6 Rab8 19. Nd5 Bf8 20. Bb6 Rdc8 21. Bc7 a4 22. Bxb8 a3+ 23. Kb3 Nxb8 24. Nb4 Nd7 25. Bd5 Nc5+ 26. Kxa3 Ra8+ 27. Kb2 Na4+ 28. Kb3 Nc5+ 29. Kb2 Na4+ 30. Kb3 Nc5+ 31. Kc4 Rc8 32. Kb5 Bd7+ 33. Kb6 Be7 34. Bxb7 Bd8+ 35. Ka7 Rc7 36. Rd5 Nxb7 37. Rhd1 Nd6+ 38. Ka8 Rc8+ 39. Ka7 Nb5+ 40. Rxb5 Bxb5 41. Kb7 Rc7+ 42. Kb8 Rd7 43. Nd5 Kf8 44. Kc8 Ke8 45. c4 Bxc4 46. Nf6+ Bxf6 47. Rxd7 Be6 0-1


[Site "https://www.chess.com"]